 Dungeon Crawl Stone Soup version 0.19-a0-1841-gf1e0166 (webtiles) character file.

52 Arkorax the Ducker (level 3, 0/37 HPs)
             Began as an Ogre Wanderer on Oct 9, 2016.
             Slain by a hobgoblin
             ... wielding a +0 club
              (1 damage)
             ... on level 2 of the Dungeon.
             The game lasted 00:01:31 (1453 turns).

Arkorax the Ducker (Ogre Wanderer)                  Turns: 1453, Time: 00:01:31

Health: 0/37       AC:  3    Str: 18    XL:     3   Next: 85%
Magic:  3/3        EV: 11    Int: 11    God:
Gold:   52         SH:  0    Dex:  9    Spells: 0 memorised, 2 levels left

rFire  . . .     SeeInvis .       - Unarmed
rCold  . . .     Gourm    .     e - +0 robe
rNeg   . . .     Faith    .     (no shield)
rPois  .         Spirit   .     (helmet restricted)
rElec  .         Dismiss  .     (no cloak)
rCorr  .         Reflect  .     (gloves unavailable)
MR     .....     Harm     .     (boots unavailable)
Stlth  +.........               (no amulet)
                                (no ring)
                                (no ring)

@: lethally poisoned (0 -> -2)
A: unfitting armour, tough skin 1
a: no special abilities


You were on level 2 of the Dungeon.
You were hungry.

You visited 1 branch of the dungeon, and saw 2 of its levels.

You collected 52 gold pieces.

Inventory:

Hand Weapons
 a - a +2 hand axe
 b - a +0 shortbow
Missiles
 c - 49 arrows
 Y - a throwing net (quivered)
Armour
 e - a +0 robe (worn)
Scrolls
 d - a scroll of amnesia {unknown}
 g - 7 scrolls of remove curse {unknown}
 h - a scroll of enchant weapon {unknown}
 o - 2 scrolls of magic mapping {unknown}
Potions
 i - a potion of curing {unknown}
 j - a potion of might {unknown}
 l - a potion of cancellation {unknown}
 m - a potion of brilliance {unknown}
Comestibles
 f - a bread ration {!e}
 k - 2 fruits
 n - a slice of pizza


   Skills:
 + Level 3.5 Fighting
 - Level 1.1 Axes
 - Level 1.0 Bows
 - Level 1.0 Throwing
 + Level 3.9 Dodging
   Level 1.0 Shields
 * Level 1.7 Unarmed Combat


You had 2 spell levels left.
You didn't know any spells.

Dungeon Overview and Level Annotations

Branches:
Dungeon (2/15)

Altars:


Innate Abilities, Weirdness & Mutations

You are too large for most types of armour.
You have tough skin. (AC +1)


Message History

You are too injured to fight recklessly!
You are too injured to fight recklessly!
You are too injured to fight recklessly!
You are too injured to fight recklessly!
You are too injured to fight recklessly!
You are too injured to fight recklessly!
You are too injured to fight recklessly!
You are too injured to fight recklessly!
You are too injured to fight recklessly!
You are too injured to fight recklessly!
You are too injured to fight recklessly!
You are too injured to fight recklessly!
You are too injured to fight recklessly!
You are too injured to fight recklessly!
You are too injured to fight recklessly!
You are too injured to fight recklessly!
You are too injured to fight recklessly!
You are too injured to fight recklessly!
You are too injured to fight recklessly!
You are too injured to fight recklessly!
You are too injured to fight recklessly!
You are too injured to fight recklessly!
You are too injured to fight recklessly!
You hit the adder but do no damage.
The adder is heavily wounded.
The adder closely misses you.
You closely miss the adder.
The adder is heavily wounded.
The adder bites you.
* * * LOW HITPOINT WARNING * * *
Damage: 1 (max 8)
You miss the adder.
The adder is heavily wounded.
The adder bites you.
* * * LOW HITPOINT WARNING * * *
The adder barely misses you.
Damage: 2 (max 8)
You hit the adder.
You kill the adder!
You feel sick. The kobold hits you with a dagger.
* * * LOW HITPOINT WARNING * * *
The hobgoblin hits you with a club.
* * * LOW HITPOINT WARNING * * *
There is an open door here.
Damage: 4 (max 8)
You closely miss the kobold. The kobold hits you with a dagger.
* * * LOW HITPOINT WARNING * * *
The hobgoblin hits you with a club.
You die...

######### ........#
........##
.........##########
...(.......)......#
........#.######.##
.....†.........#@##
#####.....##...gK.#
#.†...##......#
#..÷..##......#
#....).#......#
#....#.#......# .
#####....#)#..)...###....
......)..................
............<............


You could see a hobgoblin and a kobold.

Vanquished Creatures
  2 adders (D:2)
  A dart slug (D:1)
  A leopard gecko (D:1)
  2 goblins (D:1)
  2 hobgoblins
  4 jackals
  A quokka (D:2)
  8 bats
  2 frilled lizards (D:1)
  6 kobolds
  3 rats
32 creatures vanquished.

Notes
Turn   | Place    | Note
-------+----------+-------------------------------------------
     0 | D:1      | Arkorax the Ogre Wanderer began the quest for the Orb.
     0 | D:1      | Arkorax set off with: a +2 hand axe, a +0 shortbow, 28 arrows, a potion of lignification {!q}, a +0 robe, a bread ration {!e}
     0 | D:1      | Reached XP level 1. HP: 22/22 MP: 1/1
   123 | D:1      | Reached skill level 3 in Fighting
   135 | D:1      | Reached XP level 2. HP: 11/31 MP: 2/2
   764 | D:1      | Reached skill level 1 in Unarmed Combat
  1063 | D:2      | Reached XP level 3. HP: 31/37 MP: 3/3
  1073 | D:2      | HP: 10/37 [kobold/short sword (6)]
  1086 | D:2      | HP: 16/55 [quokka (1)]
  1260 | D:2      | Found a faded altar of an unknown god.
  1447 | D:2      | HP: 11/37 [poisoned by an adder]
  1452 | D:2      | HP: 3/37 [kobold/dagger (3)]
  1453 | D:2      | HP: 1/37 [kobold/dagger (1)]
  1453 | D:2      | Slain by a hobgoblin

Vault maps used:
D:1:      lightli_arrival_windingriver, minmay_ruptured
D:2:      ecumenical_altar_2, minmay_misc_feat_columns

Skill      XL: |  1  2 |
---------------+-------+-----
Fighting       | 3 |  3.5
Unarmed Combat | 1 |  1.7
Axes           | |  1.1
Bows           | |  1.0
Throwing       | |  1.0
Dodging        | |  3.9
Shields        | |  1.0

Action                   || total
-------------------------++-------
Melee: Hand axe          ||    78
       Unarmed           ||    49
  Use: Potion            ||     2
  Eat: Chunk             ||     1
Armor: Robe              ||    57
       Skin              ||    15
Dodge: Dodged            ||    86

Table legend:
 A = Turns spent in this place as a percentage of turns spent in the entire game.
 B = Non-inter-level travel turns spent in this place as a percentage of non-inter-level travel turns spent in the entire game.
 C = Inter-level travel turns spent in this place as a percentage of turns spent in this place.
 D = Turns resting spent in this place as a percentage of non-inter-level travel turns spent in this place.
 E = Turns spent auto-exploring this place as a percentage of non-inter-level travel turns spent in this place.
 F = Non-inter-level travel turns spent in this place divided by the number of levels of this place that you've seen.
                   A       B       C       D       E      F
               +-------+-------+-------+-------+-------+----------------------
         Total | 100.0 | 100.0 |   0.2 |   3.9 |   7.6 | 243.0
       Dungeon | 100.0 | 100.0 |   0.2 |   3.9 |   7.6 | 243.0
               +-------+-------+-------+-------+-------+----------------------

Vault maps used:
D:1:      lightli_arrival_windingriver, minmay_ruptured
D:2:      ecumenical_altar_2, minmay_misc_feat_columns
